General information
- name: 1on1 sKilled VCK # 1
- type: Custom game
- host: Eye-Servant
- saver: Eye-Servant
map: SecretValley
- players: 11
- length: 10:14
- speed: Fast
- version: 1.24 W3XP
- replay type: Public
» download(79 KB)
Players
team 1 (winner)
viralStarshaped (
teal | 144 APM | 1473 actions | 10:12)
3 Archmage
2 Summon Water Elemental
1 Brilliance Aura
2 Dark Ranger
1 Black Arrow
1 Silence
» actions
| Assign group hotkey | 39 | |
| Basic commands | 63 | |
| Build / train | 44 | |
| ESC pressed | 1 | |
| Enter build submenu | 17 | |
| Enter hero's abilities submenu | 5 | |
| Give item / drop item | 1 | |
| Right click | 596 | |
| Select / deselect | 271 | |
| Select group hotkey | 396 | |
| Use ability | 40 | |
1473 total
» units
| Peasant | 9 | |
| Footman | 6 | |
| Rifleman | 8 | |
| Priest | 3 | |
| Spell Breaker | 1 | |
27 total
» upgrades
| Long Rifles | 1 | |
| Gunpowder | 1 | |
| Priest Training | 1 | |
3 total
» buildings
| Altar of Kings | 1 | |
| Farm | 8 | |
| Barracks | 1 | |
| Scout Tower | 1 | |
| Arcane Tower | 1 | |
| Keep | 2 | |
| Blacksmith | 1 | |
| Arcane Vault | 2 | |
| Arcane Sanctum | 1 | |
18 total
» build order
00:05 Altar of Kings
00:18 Farm
00:20 Barracks
00:31 Farm
01:33 Farm
01:40 Scout Tower
02:19 Arcane Tower
02:57 Keep
02:57 Keep
03:38 Blacksmith
03:54 Arcane Vault
03:56 Farm
04:10 Arcane Vault
05:04 Farm
06:00 Arcane Sanctum
06:40 Farm
07:49 Farm
08:35 Farm
» items
| Potion of Lesser Invulnerability | 1 | |
| Scroll of Healing | 1 | |
2 total
team 2 (loser)
BLaCKWiDoWHaZe- (
red | 197 APM | 2016 actions | 10:12)
3 Archmage
2 Summon Water Elemental
1 Brilliance Aura
2 Pandaren Brewmaster
1 Breath of Fire
1 Drunken Haze
» actions
| Assign group hotkey | 44 | |
| Basic commands | 91 | |
| Build / train | 44 | |
| ESC pressed | 4 | |
| Enter build submenu | 18 | |
| Enter hero's abilities submenu | 5 | |
| Give item / drop item | 1 | |
| Right click | 882 | |
| Select / deselect | 335 | |
| Select group hotkey | 524 | |
| Use ability | 68 | |
2016 total
» units
| Peasant | 15 | |
| Footman | 12 | |
| Priest | 2 | |
29 total
» upgrades
» buildings
| Altar of Kings | 1 | |
| Barracks | 1 | |
| Farm | 7 | |
| Scout Tower | 1 | |
| Arcane Tower | 1 | |
| Keep | 1 | |
| Lumber Mill | 1 | |
| Arcane Vault | 2 | |
| Arcane Sanctum | 2 | |
17 total
» build order
00:04 Altar of Kings
00:19 Barracks
00:30 Farm
01:01 Farm
01:31 Scout Tower
02:01 Arcane Tower
02:08 Farm
03:42 Keep
04:08 Lumber Mill
04:09 Farm
05:04 Farm
05:16 Arcane Vault
06:19 Farm
07:13 Arcane Sanctum
07:14 Arcane Sanctum
07:33 Farm
08:23 Arcane Vault
» items
observersEye-Servant,
Hawken,
justlikenew,
viralChainer,
freeonix,
ReVox_,
Ls.burn,
GangBeng,
GorGo_Armanie Chat log
(00:10 / Observers) viralChainer: burn u in league of stars?
(00:15 / Observers) viralChainer: or coincedence name
(00:24 / Observers) justlikenew: hey guys
(00:27 / Observers) viralChainer: hi
(00:32 / Observers) GangBeng: hi
(00:38 / Observers) justlikenew: i am looking for a clan to practise 1 v 1
(00:51 / Observers) justlikenew: this is my fun account
(01:08 / Observers) justlikenew: is any clan available?
(01:15 / Observers) Eye-Servant: go channel 123
(01:18 / Observers) Eye-Servant: mass clans there
(01:36 / Observers) justlikenew: in most clans they play 2v2 or 3v3
(01:41 / Observers) justlikenew: no solo games
(01:46 / Observers) justlikenew: nopractise
(01:58 / Observers) justlikenew: and i am restricted to bnet
(02:02 / Observers) GangBeng: wh7 ?
(02:04 / Observers) justlikenew: ladder games
(02:05 / Observers) GangBeng: why
(02:12 / Observers) justlikenew: it just happens
(02:19 / Observers) GangBeng: cool story :p
(02:20 / Observers) justlikenew: with evey clan i go to
(02:27 / Observers) justlikenew: every*
(02:38 / Observers) justlikenew: so I thought I ask you guys
(02:48 / Observers) justlikenew: if could lend me an advice
(02:59 / Observers) justlikenew: or introduce a clan of your own
(03:13 / Observers) Hawken: join viral
(03:21 / Observers) justlikenew: how?
(03:25 / Observers) GangBeng: u need to play rifle for this
(03:31 / Observers) Hawken: no idea
(03:31 / Observers) Hawken: :P
(03:40 / Observers) justlikenew: nice surround
(04:50 / Observers) justlikenew: i ll go at channel 123 i guess and check there
(04:56 / Observers) justlikenew: thanx guys
(04:58 / Observers) viralChainer: back
(05:01 / Observers) viralChainer: miss much?
(05:04 / Observers) GangBeng: no
(05:05 / Observers) Eye-Servant: no
(05:21 / Observers) GangBeng: rifle incoming now xD
(05:36 / Observers) Hawken: rifle in hu mirro?
(05:40 / Observers) Hawken: Oo
(05:42 / Observers) viralChainer: kemperstyle
(05:45 / Observers) GangBeng: u didnt know ? :p
(05:47 / Observers) viralChainer: am dr rifle caster
(05:55 / Observers) justlikenew: starshaped always plays rifles right?
(05:58 / Observers) viralChainer: nah
(06:00 / Observers) viralChainer: not anymore
(06:04 / Observers) viralChainer: he used to
(06:10 / Observers) justlikenew: dark ranger
(06:18 / Observers) viralChainer: he still does often in mirror
(06:30 / Observers) viralChainer: red went panda lol
(06:33 / Observers) GangBeng: rifle caster are cool
(06:36 / Observers) justlikenew: chainer
(06:37 / Observers) viralChainer: thatll be a pain
(06:40 / Observers) viralChainer: yea?
(06:54 / Observers) justlikenew: is there a chance I could come in your clan?
(07:02 / Observers) viralChainer: we dont really play omn bnet
(07:09 / Observers) justlikenew: garena?
(07:09 / Observers) viralChainer: mainly garena
(07:15 / Observers) justlikenew: thats ok
(07:23 / Observers) justlikenew: i can play there too
(07:26 / Observers) justlikenew: no prob
(07:30 / Observers) viralChainer: well the platers i my clan are very good
(07:40 / Observers) viralChainer: probably out of your depth no offense
(07:46 / Observers) viralChainer: im not on the league team lol
(07:48 / Observers) viralChainer: just managa
(07:48 / Observers) justlikenew: i am playing for four years now
(07:50 / Observers) viralChainer: not good enough
(07:53 / Observers) justlikenew: only solo
(07:54 / Observers) GangBeng: xD
(08:03 / Observers) GangBeng: well u still better than average players chainer
(08:06 / Observers) viralChainer: mm
(08:09 / Observers) viralChainer: but my clan
(08:12 / Observers) viralChainer: thinks im such a noob
(08:12 / Observers) viralChainer: lol
(08:29 / Observers) viralChainer: played a game of sc2 with star and rain the other day
(08:31 / Observers) viralChainer: was wrose lol
(08:35 / Observers) viralChainer: theyd been playing it for months
(08:37 / Observers) viralChainer: i only just got it
(08:41 / Observers) viralChainer: :(
(09:19 / Observers) viralChainer: skeleton power
(09:46 / Observers) viralChainer: milita vs dr not smart
(10:11 / All) BLaCKWiDoWHaZe-: gg